 Dungeon Crawl Stone Soup version 0.20-a0-823-gdec668e (webtiles) character file.

302758 Laphicet the Unseen (level 20, -10/106 HPs)
             Began as a Spriggan Wanderer on Mar 2, 2017.
             Was the Champion of Jiyva.
             Hit by a javelin of returning thrown by a merfolk javelineer (27 damage)
             ... on level 4 of the Shoals on Mar 5, 2017.
             The game lasted 03:41:31 (62220 turns).

Laphicet the Unseen (Spriggan Wanderer)            Turns: 62220, Time: 03:41:31

Health: -10/106    AC:  8    Str: 15    XL:     20   Next: 56%
Magic:  49/49      EV: 33    Int: 32    God:    Jiyva [******]
Gold:   880        SH:  0    Dex: 17    Spells: 11/49 levels left

rFire    + . .     SeeInvis +   T - +7 short sword "Onung" {freeze, rN+ Int+4}
rCold    + . .     Gourm    .   G - +2 robe {rC+ rF+}
rNeg     + . .     Faith    .   (shield restricted)
rPois    +         Spirit   .   (helmet restricted)
rElec    +         Reflect  .   j - +2 cloak
rCorr    +         Harm     .   (gloves unavailable)
MR       ++++.                  (boots unavailable)
Stlth    +++++++...             w - amulet of Koosuv {RegenMP rPois MR+ Int+4}
Regen    0.3/turn               V - +6 ring of strength
MPRegen  0.5/turn               e - ring of Ykkigah {rElec rPois MP+9 Int-2}

@: death channel, very slightly contaminated, very quick
A: unfitting armour, horns 1, thin metallic scales 1, see invisible, clever 2,
deformed body, herbivore 3, speed 3, slow metabolism 2, strong 1
}: 1/15 runes: gossamer
a: Request Jelly, Slimify, Cure Bad Mutation, Renounce Religion


You were on level 4 of the Shoals.
You worshipped Jiyva.
Jiyva was exalted by your worship.
You were completely stuffed.

You visited 7 branches of the dungeon, and saw 34 of its levels.
You also visited: Sewer.

You collected 13603 gold pieces.
You spent 5631 gold pieces at shops.
You paid 7092 gold pieces to Gozag.

Inventory:

Hand Weapons
 b - the +3 falchion of Devotion {flame, Int+6}
   (You found it on level 5 of the Dungeon)

   It has been specially enchanted to burn those struck by it, causing extra
   injury to most foes and up to half again as much damage against particularly
   susceptible opponents.
   Big, fiery blades are also staple armaments of hydra-hunters.
   It affects your intelligence (+6).
 i - the +7 short sword "Giacicer" {speed, rPois rF+ rC+}
   (You found it on level 1 of the Shoals)

   Attacks with this weapon are significantly faster.
   It protects you from fire.
   It protects you from cold.
   It protects you from poison.
 Q - the +2 dagger of Contradiction {venom, rF+++}
   (You bought it in a shop on level 1 of the Lair of Beasts)

   It poisons the flesh of those it strikes.
   It renders you almost immune to fire.
 T - the +7 short sword "Onung" (weapon) {freeze, rN+ Int+4}
   (You bought it in a shop on level 1 of the Lair of Beasts)

   It has been specially enchanted to freeze those struck by it, causing extra
   injury to most foes and up to half again as much damage against particularly
   susceptible opponents.
   It can also slow down cold-blooded creatures.
   It affects your intelligence (+4).
   It protects you from negative energy.
Missiles
 u - 5 throwing nets (quivered)
Armour
 j - a +2 cloak (worn)
 G - a +2 robe of resistance (worn)
Magical Staves
 t - an uncursed staff of air
Jewellery
 e - the ring of Ykkigah (left hand) {rElec rPois MP+9 Int-2}
   (You bought it in a shop on level 1 of the Lair of Beasts)

   [ring of magical power]

   It affects your intelligence (-2).
   It insulates you from electricity.
   It protects you from poison.
   It affects your magic capacity (+9).
 w - the amulet of Koosuv (around neck) {RegenMP rPois MR+ Int+4}
   (You bought it in a shop on level 1 of the Lair of Beasts)

   [amulet of magic regeneration]

   It increases your magic regeneration.
   It affects your intelligence (+4).
   It protects you from poison.
   It affects your resistance to hostile enchantments.
 z - the macabre finger necklace {rN+}
   (You bought it in a shop on level 1 of the Lair of Beasts)

   [amulet of nothing]

   It protects you from negative energy.
 C - an uncursed ring of protection from fire
 H - an uncursed ring of positive energy
 V - a +6 ring of strength (right hand)
Wands
 y - a wand of confusion (26/48)
 M - a wand of paralysis (10/24)
 R - a wand of acid (4/15)
 Z - a wand of digging (4/24)
Scrolls
 a - 3 scrolls of teleportation
 c - 6 scrolls of enchant armour
 k - 4 scrolls of enchant weapon
 l - 3 scrolls of magic mapping
 o - 3 scrolls of recharging
 p - 7 scrolls of amnesia
 B - a scroll of blinking
 E - 13 scrolls of remove curse
 N - 6 scrolls of fog
 O - 5 scrolls of vulnerability
 W - 2 scrolls of brand weapon
 X - 3 scrolls of fear
Potions
 d - 6 potions of lignification
 g - 2 potions of heal wounds
 h - 16 potions of curing
 m - 3 potions of might
 n - a potion of agility
 s - 2 potions of flight
 x - 2 potions of cancellation
 F - 3 potions of haste
 J - 9 potions of ambrosia
 K - a potion of berserk rage
 L - 4 potions of magic
Books
 D - a book of Fire

   Spells                             Type                      Level
   a - Ignite Poison                  Fire/Transmutation/Poison    3
   b - Fireball                       Conjuration/Fire             5
   c - Bolt of Fire                   Conjuration/Fire             6
   d - Ring of Flames                 Charms/Fire                  7
   e - Ignition                       Fire                         8
Miscellaneous
 r - a phial of floods
 v - a lamp of fire
 A - a crystal ball of energy
 I - a phantom mirror
 U - a fan of gales
Comestibles
 f - 21 bread rations
 q - 27 fruits


   Skills:
 + Level 11.9 Fighting
 - Level 11.8 Short Blades
 + Level 17.7 Dodging
 + Level 19.8 Stealth
 + Level 15.4 Spellcasting
 - Level 11.2 Hexes
 + Level 9.7 Necromancy
 - Level 14.0 Transmutations
 - Level 10.4 Earth Magic
 + Level 8.0 Evocations


You had 11 spell levels left.
You knew the following spells:

 Your Spells              Type           Power        Failure   Level  Hunger
c - Confuse               Hex            #######.     1%          3    None
d - Death Channel         Necr           ######....   6%          6    ##.....
e - Ensorcelled Hibernat  Hex/Ice        ######       1%          2    None
o - Orb of Destruction    Conj           ###.......   100%        7    #####..
s - Statue Form           Tmut/Erth      #######..    1%          6    ##.....
t - Tukima's Dance        Hex            #######.     1%          3    None
u - Simulacrum            Ice/Necr       ######....   38%         6    ##.....
A - Aura of Abjuration    Summ           ###.......   58%         5    None


Dungeon Overview and Level Annotations

Branches:
Dungeon (15/15)            Temple (1/1) D:5            Lair (6/6) D:11
 Shoals (4/4) Lair:3       Spider (4/4) Lair:4        Slime (0/5) Lair:6
    Orc (2/2) D:10            Elf (2/3) Orc:2        Vaults (0/5) D:13
 Depths (0/5) D:15

Altars:
Ashenzari
Cheibriados
Dithmenos
Elyvilon
Fedhas
Gozag
Hepliaklqana
Kikubaaqudgha
Makhleb
Nemelex Xobeh
Okawaru
Qazlal
Ru
Sif Muna
Trog
Uskayaw
Vehumet
Wu Jian
Xom
Yredelemnul
Zin
The Shining One
Jiyva

Shops:
D:8 *   D:10 [   D:15 ?   Orc:2 ![(*%   Elf:1 [:*}   Lair:1 *([=((   Shoals:4 [

Annotations:
D:7 Pikel
D:11 1 exclusion
Lair:3 exclusion: oklob plant


Innate Abilities, Weirdness & Mutations

You are very small and have problems with some larger weapons.
You are too small for most types of armour.
You have supernaturally acute eyesight. (SInv)
You are a herbivore.
You cover ground extremely quickly.
You need consume almost no food.
You have a pair of small horns on your head.
You are partially covered in thin metallic scales. (AC +2)
Your mind is very acute. (Int +4)
Armour fits poorly on your strangely shaped body.
Your muscles are strong. (Str +2)


Message History

Something freezes your spectral frost giant.
The merfolk javelineer throws a javelin of returning.
The javelin of returning hits the jelly!
The weapon returns to the merfolk javelineer!
The merfolk impaler hits your spectral snapping turtle with a demon trident of freezing.
Your spectral snapping turtle misses the merfolk impaler.
Something hits your spectral frost giant.
Your spectral frost giant closely misses the merfolk impaler.
Something hits your spectral frost giant!
Something freezes your spectral frost giant.
The merfolk javelineer hits your spectral frost giant from afar with a spear of piercing!
The merfolk impaler hits your spectral merfolk avatar with a demon trident of freezing!
Unknown command.
Unknown command.
Gozag petitions for your drink to fail.
Something hits your spectral frost giant.
Your spectral frost giant is destroyed!
The merfolk javelineer throws a javelin of returning.
The javelin of returning hits you!!
You die...

≈≈≈....≈.............
≈≈≈≈≈...≈..............
≈≈≈≈≈..........<.......
≈≈≈≈............##...PP
≈≈≈≈≈.≈≈≈.......##.≈PP≈
≈≈≈≈≈.≈≈≈..m##....≈≈≈≈P
≈≈≈≈≈≈≈≈≈..###...P≈≈≈≈≈
...≈≈≈≈≈≈m.###P.P≈P≈P≈≈
........≈≈J≈...@...≈≈≈≈≈P
..........≈≈≈......≈≈P≈≈PP≈
.........(.≈≈≈≈...≈≈≈≈≈≈≈≈≈
........(Z..≈≈≈≈.≈≈≈≈P≈≈≈≈#
.......Z†.Z..≈≈..≈≈P≈≈P.P≈##
.?....cmmZ........≈≈P..≈≈≈#
......mHm##............≈≈≈#
..##.H(.####.......P.P≈≈##
## #m...#..#.....)†...≈≈≈# .


You could see a merfolk impaler, 2 merfolk javelineers, a neutral jelly (fellow
slime), a friendly spectral snapping turtle, a friendly spectral merfolk avatar
and a friendly spectral wind drake.

Vanquished Creatures
  Nikola (Elf:1)
  Frances (Elf:1)
  A deep elf sorcerer (Elf:1)
  2 ghost moths (Spider:4)
  A frost giant (D:15)
  6 emperor scorpions
  A frost giant (shapeshifter) (Elf:1)
  A stone giant (Orc:2)
  4 entropy weavers
  Azrael (Spider:3)
  A deep elf demonologist (Elf:1)
  3 spark wasps
  A merfolk impaler (Shoals:2)
  Josephine (Shoals:1)
  A deep elf high priest (Elf:1)
  12 hydras
  Harold (D:11)
  2 centaur warriors (D:15)
  Erica (D:8)
  2 alligator snapping turtles
  A merfolk aquamancer (Shoals:4)
  A queen ant (Spider:1)
  3 catoblepae (Lair:6)
  A tengu warrior (D:15)
  5 two-headed ogres
  12 death yaks
  7 orc high priests
  The ghost of Vajrapani the Zephyrmancer, a novice BaAE of Vehumet (D:9)
  Sonja (Lair:2)
  8 deep elf knights
  7 sea snakes
  An unseen horror (D:14)
  A flayed ghost (D:15)
  6 deep elf archers (Elf:1)
  11 orc knights
  10 harpies
  An oklob plant (Lair:3)
  26 orb spiders
  45 wolf spiders
  35 deep elf magi
  8 manticores
  8 orc sorcerers
  4 ugly things
  2 moths of wrath
  4 fauns (Shoals:1)
  5 cyclopes
  7 merfolk sirens
  2 water nymphs
  4 elephants
  4 black mambas
  A torpor snail (Spider:2)
  Maurice (D:11)
  A gargoyle (D:10)
  10 komodo dragons
  15 spiny frogs
  2 efreet
  16 demonic crawlers
  A yaktaur (shapeshifter) (D:13)
  17 rime drakes
  A freezing wraith (D:14)
  A yaktaur (D:15)
  2 kobold demonologists (D:13)
  2 tengu conjurers (D:15)
  3 meliai (Spider:3)
  47 jumping spiders
  16 merfolk
  6 trolls
  3 polar bears
  28 blink frogs
  2 wind drakes
  6 hornets
  17 hippogriffs
  A meliai zombie (D:15)
  9 dream sheep
  5 snapping turtles
  10 water elementals
  106 redbacks
  6 wraiths
  59 yaks
  Sigmund (D:2)
  4 wyverns
  46 tarantellas
  4 basilisks
  9 fire elementals
  A hungry ghost (D:12)
  8 steam dragons
  3 wargs
  6 vampire mosquitoes (D:15)
  Edmund (D:6)
  An acid dragon (D:13)
  25 soldier ants
  2 hell hounds (Spider:3)
  11 porcupines
  14 water moccasins
  7 ice beasts
  5 phantoms
  2 slaves (D:7)
  5 black bears
  2 eyes of draining (D:12)
  34 orc warriors
  5 sky beasts
  3 wolves (Lair:5)
  9 ogres
  15 centaurs
  13 crocodiles
  5 big kobolds
  15 bullfrogs
  2 earth elementals (Elf:1)
  A wyvern zombie (D:11)
  3 scorpions
  5 wights
  5 electric eels
  4 howler monkeys
  14 crimson imps
  3 bullfrog zombies
  3 centaur zombies
  6 hounds
  A quasit (D:7)
  2 jellies
  18 orc wizards
  Crazy Yiuf (D:2)
  27 orc priests
  3 bullfrog skeletons
  3 centaur skeletons
  Natasha (D:3)
  Terence (D:2)
  An iguana (D:9)
  26 worker ants
  A hound skeleton (D:8)
  A worker ant zombie (D:6)
  14 adders
  8 gnolls
  A river rat (Sewer)
  6 shadow imps
  3 white imps (D:13)
  3 oozes
  3 adder zombies
  3 adder skeletons
  A worm (D:2)
  A dart slug (D:2)
  6 leopard geckos
  94 orcs
  A bat zombie (D:3)
  9 giant cockroaches
  8 goblins
  7 hobgoblins
  10 jackals
  25 kobolds
  5 quokkas
  8 ball pythons
  6 bats
  3 frilled lizards
  2 quokka skeletons (D:7)
  36 rats
  A rat zombie (D:3)
  2 butterflies
  A fungus (Lair:5)
  3 plants
1327 creatures vanquished.

Vanquished Creatures (collateral kills)
  Jorgrun (Shoals:3)
  A frost giant (Shoals:4)
  An ogre mage (D:15)
  A two-headed ogre (D:15)
  2 merfolk avatars
  A merfolk aquamancer (Shoals:4)
  2 fire crabs (Shoals:2)
  3 sea snakes
  7 harpies
  A cyclops (Shoals:2)
  2 fauns (Shoals:2)
  2 manticores
  2 water nymphs
  2 merfolk sirens
  5 merfolk (Shoals:2)
  A wind drake (Shoals:2)
  2 dream sheep
  3 snapping turtles
  2 hippogriffs (Shoals:3)
  A redback (Spider:4)
  4 water elementals
  A fire bat (Shoals:2)
  5 orc warriors (Orc:2)
  3 ogres (D:15)
  3 wights (D:15)
  An orc priest (Orc:2)
  A shadow imp (D:15)
  2 orcs (Orc:2)
  3 plants
65 creatures vanquished.

Vanquished Creatures (others)
  3 deep elf knights
  A deep elf mage (Elf:2)
  15 dancing weapons
  3 dream sheep (Shoals:2)
  A fire bat (Shoals:2)
  An orc warrior (Orc:2)
  A centaur (Shoals:2)
  23 jellies
  A dart slug (D:1)
  2 orcs (Orc:2)
  A goblin (D:1)
  A ball python (D:1)
  A rat (D:1)
  2 bushes (Lair:6)
  A butterfly (Lair:6)
  19 fungi
  42 plants
  18 toadstools (Lair:3)
136 creatures vanquished.

Grand Total: 1528 creatures vanquished

Notes
Turn   | Place    | Note
-------+----------+-------------------------------------------
     0 | D:1      | Laphicet the Spriggan Wanderer began the quest for the Orb.
     0 | D:1      | Laphicet set off with: a +0 robe, 3 throwing nets, a +0 short sword, a potion of lignification, a +0 dagger, a bread ration
     0 | D:1      | Reached XP level 1. HP: 12/12 MP: 2/2
   259 | D:1      | Reached XP level 2. HP: 15/16 MP: 3/3
  1213 | D:1      | Reached skill level 1 in Spellcasting
  1613 | D:2      | Reached XP level 3. HP: 15/20 MP: 5/5
  1825 | D:2      | Noticed Sigmund
  2155 | D:2      | Reached skill level 4 in Stealth
  2202 | D:2      | Learned a level 2 spell: Ensorcelled Hibernation
  2397 | D:2      | Killed Sigmund
  2397 | D:2      | Reached skill level 1 in Hexes
  2397 | D:2      | Reached XP level 4. HP: 18/25 MP: 3/8
  2397 | D:2      | Reached XP level 5. HP: 21/29 MP: 3/9
  2498 | D:2      | Noticed Terence
  2512 | D:2      | Killed Terence
  2600 | D:2      | Learned a level 3 spell: Confuse
  2663 | D:2      | Found a runed door.
  3235 | D:2      | Noticed Crazy Yiuf
  3271 | D:2      | Killed Crazy Yiuf
  3271 | D:2      | Reached skill level 5 in Stealth
  3524 | D:3      | Noticed a centaur
  3527 | D:3      | Noticed Natasha
  3535 | D:3      | Killed a centaur
  3535 | D:3      | Reached XP level 6. HP: 33/33 MP: 6/10
  3576 | D:3      | Noticed an ice beast
  3721 | D:3      | Found a glowing drain.
  3768 | Sewer    | Entered a sewer
  3987 | Sewer    | Reached skill level 5 in Dodging
  4587 | Sewer    | Reached XP level 7. HP: 21/37 MP: 6/12
  5065 | D:3      | Found an ancient bone altar of Kikubaaqudgha.
  5290 | D:3      | Reached skill level 6 in Stealth
  5468 | D:3      | Killed Natasha
  6206 | D:4      | Found a sparkling altar of Nemelex Xobeh.
  6521 | D:4      | Found a hide-covered altar of Uskayaw.
  6765 | D:5      | Entered Level 5 of the Dungeon
  6774 | D:5      | Reached XP level 8. HP: 35/42 MP: 15/15
  6836 | D:5      | Reached skill level 7 in Stealth
  6983 | D:5      | Reached skill level 5 in Short Blades
  7150 | D:5      | Found Zin's Purification Station.
  7165 | D:5      | Found a glowing silver altar of Zin.
  7168 | D:5      | Bought a potion of curing for 90 gold pieces
  7171 | D:5      | Found a staircase to the Ecumenical Temple.
  7185 | Temple   | Entered the Ecumenical Temple
  7238 | Temple   | Became a worshipper of Gozag Ym Sagoz the Greedy
  7400 | D:5      | Reached skill level 5 in Spellcasting
  7400 | D:5      | Reached skill level 5 in Hexes
  7672 | D:5      | Found a radiant altar of Vehumet.
  7742 | D:6      | Learned a level 3 spell: Tukima's Dance
  8144 | D:6      | Noticed Edmund
  8156 | D:6      | Killed Edmund
  8156 | D:6      | Reached skill level 5 in Fighting
  8377 | D:6      | Reached skill level 8 in Stealth
  8923 | D:6      | Reached XP level 9. HP: 39/47 MP: 16/18
  9217 | D:7      | Found an iron altar of Okawaru.
  9241 | D:7      | Noticed Pikel
 10632 | D:8      | Found Vodgh's General Store.
 10634 | D:8      | Bought a scroll of teleportation for 42 gold pieces
 10634 | D:8      | Bought a scroll of enchant armour for 105 gold pieces
 10634 | D:8      | Bought a scroll of identify for 28 gold pieces
 10679 | D:8      | Noticed Erica
 10700 | D:8      | Killed Erica
 10700 | D:8      | Reached skill level 9 in Stealth
 10996 | D:8      | Reached XP level 10. HP: 53/53 MP: 21/21
 11086 | D:8      | Noticed a two-headed ogre
 11100 | D:8      | Killed a two-headed ogre
 11188 | D:8      | Found a glowing golden altar of the Shining One.
 11814 | D:9      | Reached skill level 10 in Stealth
 11828 | D:9      | Noticed Vajrapani's ghost (novice BaAE)
 12110 | D:9      | Killed Vajrapani's ghost
 13066 | D:10     | Entered Level 10 of the Dungeon
 13254 | D:10     | Found a staircase to the Orcish Mines.
 13643 | D:10     | Noticed a five-headed hydra
 13696 | D:10     | Noticed a two-headed ogre
 13714 | D:10     | Killed a two-headed ogre
 13714 | D:10     | Reached skill level 10 in Dodging
 13714 | D:10     | Reached XP level 11. HP: 18/58 MP: 24/24
 14026 | D:10     | Killed a five-headed hydra
 14026 | D:10     | Reached skill level 11 in Stealth
 14900 | D:11     | Noticed a red ugly thing
 14986 | D:11     | Noticed Maurice
 15002 | D:11     | Killed Maurice
 15366 | D:11     | Killed a red ugly thing
 15454 | D:11     | Noticed a purple ugly thing
 15488 | D:11     | Killed a purple ugly thing
 15678 | D:11     | Found a staircase to the Lair.
 15883 | D:11     | Noticed a four-headed hydra
 15981 | D:11     | Killed a four-headed hydra
 16031 | D:11     | Gained mutation: Your body sometimes deteriorates upon taking damage. [potion of mutation]
 16031 | D:11     | Gained mutation: You are partially covered in yellow scales. (AC +2) [potion of mutation]
 16031 | D:11     | Gained mutation: You are frail. (-10% HP) [potion of mutation]
 16031 | D:11     | Gained mutation: You possess an exceptional clarity of mind. [potion of mutation]
 16032 | D:11     | Lost mutation: Your body sometimes deteriorates upon taking damage. [potion of mutation]
 16032 | D:11     | Lost mutation: You are frail. (-10% HP) [potion of mutation]
 16032 | D:11     | Gained mutation: Armour fits poorly on your strangely shaped body. [potion of mutation]
 16032 | D:11     | Gained mutation: You are partially covered in thin metallic scales. (AC +2) [potion of mutation]
 16521 | D:11     | Noticed Harold
 16549 | D:11     | Killed Harold
 16549 | D:11     | Reached skill level 12 in Stealth
 16792 | Lair:1   | Entered Level 1 of the Lair of Beasts
 16830 | Lair:1   | Noticed an eight-headed hydra
 16846 | Lair:1   | Killed an eight-headed hydra
 16923 | Lair:1   | Reached XP level 12. HP: 63/63 MP: 26/26
 17446 | Lair:1   | Reached skill level 10 in Hexes
 18408 | Lair:2   | Reached skill level 10 in Spellcasting
 18672 | Lair:1   | Bought the +7 short sword "Onung" {freeze, rN+ Int+4} for 600 gold pieces
 18856 | Lair:2   | Reached skill level 13 in Stealth
 19472 | Lair:2   | Noticed Sonja
 19486 | Lair:2   | Killed Sonja
 19707 | Lair:2   | Reached skill level 10 in Short Blades
 20328 | Lair:1   | Bought a hardcover book for 495 gold pieces
 20345 | Lair:1   | Learned a level 6 spell: Death Channel
 20353 | Lair:1   | Learned a level 7 spell: Orb of Destruction
 20610 | Lair:3   | Noticed a six-headed hydra
 20618 | Lair:3   | Killed a six-headed hydra
 20695 | Lair:3   | Reached XP level 13. HP: 55/69 MP: 28/28
 20793 | Lair:3   | Found a blossoming altar of Fedhas.
 20948 | Lair:3   | Lost mutation: You are partially covered in yellow scales. (AC +2) [potion of mutation]
 20948 | Lair:3   | Lost mutation: You possess an exceptional clarity of mind. [potion of mutation]
 20948 | Lair:3   | Lost mutation: Armour fits poorly on your strangely shaped body. [potion of mutation]
 20948 | Lair:3   | Gained mutation: You are frail. (-10% HP) [potion of mutation]
 20948 | Lair:3   | Gained mutation: You occasionally shout uncontrollably at your foes. [potion of mutation]
 20948 | Lair:3   | Gained mutation: You are mostly covered in thin metallic scales. (AC +3) [potion of mutation]
 20952 | Lair:3   | Found a bloodstained altar of Trog.
 20968 | Lair:3   | Got a crude great sword
 21215 | Lair:3   | Found a staircase to the Shoals.
 21219 | Lair:3   | Reached skill level 1 in Necromancy
 21587 | Lair:3   | Reached skill level 14 in Stealth
 21916 | Lair:4   | Found a hole to the Spider Nest.
 25248 | Lair:5   | Reached skill level 15 in Stealth
 25653 | Lair:6   | Entered Level 6 of the Lair of Beasts
 25677 | Lair:6   | Reached XP level 14. HP: 65/67 MP: 30/30
 27668 | Lair:6   | Found a staircase to the Slime Pits.
 27668 | Lair:6   | Found a viscous altar of Jiyva.
 27980 | Lair:1   | Bought the +2 dagger of Contradiction {venom, rF+++} for 707 gold pieces
 29485 | Lair:6   | Reached skill level 5 in Necromancy
 29597 | Lair:6   | Reached skill level 16 in Stealth
 30992 | Orc:1    | Entered Level 1 of the Orcish Mines
 31315 | Orc:2    | Entered Level 2 of the Orcish Mines
 31315 | Orc:2    | Noticed a stone giant
 32378 | Orc:1    | Reached skill level 10 in Fighting
 32504 | Orc:2    | Reached skill level 15 in Dodging
 33188 | Orc:2    | Found a staircase to the Elven Halls.
 33902 | Orc:1    | Reached XP level 15. HP: 53/72 MP: 32/32
 34848 | Orc:2    | Found Dulib's Distillery.
 34860 | Orc:2    | Bought a potion of mutation for 128 gold pieces
 34860 | Orc:2    | Lost mutation: You are frail. (-10% HP) [potion of mutation]
 34860 | Orc:2    | Lost mutation: You occasionally shout uncontrollably at your foes. [potion of mutation]
 34860 | Orc:2    | Gained mutation: You have a pair of small antennae on your head. [potion of mutation]
 34860 | Orc:2    | Gained mutation: You are clumsy. (Dex -2) [potion of mutation]
 34860 | Orc:2    | Gained mutation: Your muscles are strong. (Str +2) [potion of mutation]
 34860 | Orc:2    | Gained mutation: You have sharp toenails. [potion of mutation]
 34896 | Orc:2    | Bought a potion of flight for 48 gold pieces
 36290 | Orc:2    | Found Suge's Weapon Emporium.
 36292 | Orc:2    | Found Ituzxium's Food Emporium.
 36294 | Orc:2    | Found Pyonanam's General Store.
 36295 | Orc:2    | Found Peedegh's Antique Armour Emporium.
 36300 | Orc:2    | Bought a scroll of blinking for 105 gold pieces
 36300 | Orc:2    | Bought a scroll of identify for 28 gold pieces
 36300 | Orc:2    | Bought a bread ration for 70 gold pieces
 36300 | Orc:2    | Bought a scroll of vulnerability for 105 gold pieces
 36304 | Orc:2    | Bought a fruit for 15 gold pieces
 36304 | Orc:2    | Bought a bread ration for 50 gold pieces
 36304 | Orc:2    | Bought 4 fruits for 60 gold pieces
 36304 | Orc:2    | Bought a bread ration for 50 gold pieces
 36304 | Orc:2    | Bought a bread ration for 50 gold pieces
 36304 | Orc:2    | Bought 4 fruits for 60 gold pieces
 36395 | Orc:2    | Bought a potion of curing for 48 gold pieces
 36395 | Orc:2    | Bought a potion of heal wounds for 80 gold pieces
 36395 | Orc:2    | Bought a potion of curing for 48 gold pieces
 36395 | Orc:2    | Bought a potion of heal wounds for 80 gold pieces
 36395 | Orc:2    | Bought a potion of might for 64 gold pieces
 37139 | D:12     | Reached skill level 17 in Stealth
 37755 | D:13     | Found a gate to the Vaults.
 38652 | D:14     | You fall through a shaft!
 38652 | D:15     | Entered Level 15 of the Dungeon
 38760 | D:15     | Found Uhis Qol's Magic Scroll Shoppe.
 40315 | D:15     | Bought a scroll of blinking for 105 gold pieces
 40315 | D:15     | Bought a scroll of identify for 28 gold pieces
 40315 | D:15     | Bought a scroll of magic mapping for 49 gold pieces
 40420 | D:15     | Found a staircase to the Depths.
 40420 | D:15     | Noticed a frost giant
 40474 | D:15     | Killed a frost giant
 40804 | D:15     | Identified the Almanac of Transmigration and Earth
 40816 | D:15     | Learned a level 6 spell: Statue Form
 41138 | Lair:1   | Bought an ichor-stained cloak for 313 gold pieces
 41159 | Lair:1   | Identified the +1 cloak of the Dropbear {rPois} (You bought it in a shop on level 1 of the Lair of Beasts)
 41309 | D:5      | Got an ancient falchion
 41320 | D:5      | Identified the cursed +3 falchion of Devotion {flame, Int+6} (You found it on level 5 of the Dungeon)
 41590 | Shoals:1 | Entered Level 1 of the Shoals
 41616 | Shoals:1 | Reached skill level 1 in Transmutations
 41708 | Shoals:1 | Reached skill level 1 in Earth Magic
 42134 | Shoals:1 | Noticed Josephine
 42142 | Shoals:1 | Killed Josephine
 42322 | Shoals:1 | Got a steaming short sword
 42706 | Shoals:1 | Reached XP level 16. HP: 42/86 MP: 34/34
 43509 | Shoals:1 | Reached skill level 5 in Transmutations
 43908 | Spider:1 | Entered Level 1 of the Spider Nest
 43983 | Spider:1 | Reached skill level 5 in Earth Magic
 43983 | Spider:1 | Reached XP level 17. HP: 91/91 MP: 35/35
 44019 | Spider:1 | Upgraded the game from 0.20-a0-809-gaf7f668 to 0.20-a0-820-g557356e
 45165 | Spider:1 | Identified the +7 short sword "Giacicer" {speed, rPois rF+ rC+} (You found it on level 1 of the Shoals)
 45755 | Spider:1 | Reached skill level 10 in Transmutations
 48903 | Spider:3 | Reached XP level 18. HP: 64/95 MP: 36/36
 49247 | Spider:3 | Noticed Azrael
 49296 | Spider:3 | Killed Azrael
 49562 | Spider:1 | Reached skill level 10 in Earth Magic
 49760 | Lair:1   | Bought the ring of Ykkigah {rElec rPois MP+9 Int-2} for 408 gold pieces
 49760 | Lair:1   | Bought the amulet of Koosuv {RegenMP rPois MR+ Int+4} for 662 gold pieces
 49972 | Elf:1    | Entered Level 1 of the Elven Halls
 50002 | Elf:1    | Found Vavaxt's Assorted Antiques.
 50032 | Elf:1    | Found Koyboexe's Gadget Shoppe.
 50032 | Elf:1    | Found Dusi's Armour Emporium.
 50044 | Elf:1    | Found Lirr's Book Emporium.
 50443 | Elf:1    | Noticed Frances
 50471 | Elf:1    | Killed Frances
 50471 | Elf:1    | Reached skill level 1 in Evocations
 51017 | Elf:1    | Reached skill level 18 in Stealth
 51230 | Elf:1    | Noticed Nikola
 51240 | Elf:1    | Killed Nikola
 53049 | Elf:2    | Found a runed gate.
 53051 | Elf:2    | Found a runed gate.
 53052 | Elf:2    | Found a runed gate.
 53084 | Elf:2    | HP: 4/96 [deep elf archer/arrow (24)]
 53484 | Elf:1    | Bought a scroll of blinking for 307 gold pieces
 53484 | Elf:1    | Bought a scroll of teleportation for 123 gold pieces
 54223 | Spider:4 | Entered Level 4 of the Spider Nest
 54299 | Spider:4 | Upgraded the game from 0.20-a0-820-g557356e to 0.20-a0-823-gdec668e
 55493 | Spider:4 | Reached skill level 5 in Evocations
 55553 | Spider:4 | Reached XP level 19. HP: 100/100 MP: 31/38
 55763 | Spider:4 | Reached skill level 19 in Stealth
 56703 | Spider:4 | Got a gossamer rune of Zot
 57086 | Lair:1   | Bought the macabre finger necklace {rN+} for 480 gold pieces
 57104 | Lair:1   | Learned a level 6 spell: Simulacrum
 57110 | Lair:1   | Learned a level 5 spell: Aura of Abjuration
 57220 | Lair:4   | Reached skill level 15 in Spellcasting
 57326 | Lair:6   | Fell from the grace of Gozag
 57326 | Lair:6   | Became a worshipper of Jiyva Jafficru the Shapeless
 58762 | Orc:1    | Reached * piety under Jiyva
 58775 | Orc:1    | Reached ** piety under Jiyva
 58841 | Orc:2    | Reached *** piety under Jiyva
 58880 | Orc:2    | Lost mutation: You are clumsy. (Dex -2) [Jiyva's grace]
 58899 | Orc:2    | Reached **** piety under Jiyva
 58909 | Orc:2    | Gained mutation: Your flesh is heat resistant. (rF+) [Jiyva's grace]
 58926 | Orc:2    | Reached ***** piety under Jiyva
 58932 | Orc:2    | Gained mutation: You have a small jelly attached to you that may absorb incoming projectiles. [Jiyva's grace]
 58960 | Orc:2    | Lost mutation: You have a pair of small antennae on your head. [Jiyva's grace]
 58984 | Orc:2    | Lost mutation: You have a small jelly attached to you that may absorb incoming projectiles. [Jiyva's grace]
 58990 | Orc:2    | Reached ****** piety under Jiyva
 59123 | Orc:2    | Gained mutation: You have acidic saliva. [Jiyva's grace]
 59421 | D:15     | Lost mutation: You have sharp toenails. [potion of mutation]
 59421 | D:15     | Lost mutation: Your muscles are strong. (Str +2) [potion of mutation]
 59421 | D:15     | Lost mutation: You have acidic saliva. [potion of mutation]
 59421 | D:15     | Lost mutation: You are mostly covered in thin metallic scales. (AC +3) [potion of mutation]
 59421 | D:15     | Lost mutation: Your flesh is heat resistant. (rF+) [potion of mutation]
 59421 | D:15     | Gained mutation: Your body sometimes deteriorates upon taking damage. [potion of mutation]
 59421 | D:15     | Gained mutation: Your mind is acute. (Int +2) [potion of mutation]
 59422 | D:15     | Lost mutation: Your body sometimes deteriorates upon taking damage. [Jiyva's power]
 59447 | D:15     | Gained mutation: You are covered in slimy tendrils that may disarm your opponents. [Jiyva's grace]
 59842 | Shoals:1 | Gained mutation: You are agile. (Dex +2) [Jiyva's grace]
 59962 | Shoals:2 | Lost mutation: You are agile. (Dex +2) [Jiyva's grace]
 60022 | Shoals:2 | Lost mutation: You are covered in slimy tendrils that may disarm your opponents. [Jiyva's grace]
 60153 | Shoals:2 | Gained mutation: Your body sometimes deteriorates upon taking damage. [Jiyva's grace]
 60168 | Shoals:2 | Gained mutation: Your muscles are strong. (Str +2) [Jiyva's grace]
 60178 | Shoals:2 | Lost mutation: Your body sometimes deteriorates upon taking damage. [Jiyva's power]
 60395 | Shoals:2 | Gained mutation: You have a pair of small horns on your head. [Jiyva's grace]
 61113 | Shoals:3 | Noticed Jorgrun
 61128 | Shoals:3 | Killed Jorgrun
 61133 | Shoals:3 | Reached XP level 20. HP: 44/106 MP: 40/40
 61535 | Shoals:3 | Gained mutation: Your mind is very acute. (Int +4) [Jiyva's grace]
 61595 | Shoals:3 | Gained mutation: Armour fits poorly on your strangely shaped body. [Jiyva's grace]
 61723 | Shoals:4 | Entered Level 4 of the Shoals
 62140 | Shoals:4 | Found Ydghae's Antique Armour Boutique.
 62220 | Shoals:4 | Hit by a javelin of returning thrown by a merfolk javelineer

Vault maps used:
D:1:      shiori_arrival_elements, lemuel_flame_loot_1
D:2:      uniq_crazy_yiuf_cottage, uniq_terence, uniq_sigmund
D:3:      lemuel_zombie_altar_kikubaaqudgha, portal_sewer_entry_c, uniq_natasha
D:4:      nicolae_overflow_crystal_walls, lemuel_round_altar
D:5:      zin_purify, vehumet_altar_wand_db,
          minmay_temple_entry_statues_pillars, first_bread, abandoned_shop
D:6:      uniq_edmund
D:7:      okawaru_ov_weapons_minmay, uniq_pikel
D:8:      kennysheep_little_box, serial_shops, shop, blue_anna_alchemist,
          uniq_erica
D:10:     kennysheep_big_flooded_room, orc_0_dummy
D:11:     david_lair_shrubbed, uniq_harold, uniq_maurice
D:13:     erik_vaults_1, minmay_nine_imps
D:14:     corexii_leaking_fountain, minmay_misc_feat_iff
D:15:     grunt_enter_depths_snipers, serial_shops, shop, serial_park_square2,
          grunt_potential
Temple:   eino_wide_crystal_templ
Lair:2:   bobbens_dragon_lair_wall, uniq_sonja
Lair:3:   minmay_shoals_entry_hut, basic_altar, tgw_fedhas
Lair:4:   nicolae_spider_entry_tight_spaces, disabler_island,
          lemuel_fruit_fields, serial_bayou_shore_a
Lair:5:   grunt_megastairs_3, lemuel_fruit_fields, lemuel_fruit_tree
Lair:6:   evilmike_catoblepas_cave, slime_altar_1, grunt_megastairs_1
Shoals:1: nicolae_shoals_dead_sea_scrolls, uniq_josephine
Shoals:2: nicolae_shoals_stone_sculpture_thing, abandoned_shop,
          hangedman_shoal_volcano
Shoals:3: uniq_jorgrun
Shoals:4: shoals_end_grunt_ice, shoal_ilsuiw, serial_shops, nicolae_shop_trees
Spider:1: minivault_29
Spider:2: spider_trap
Spider:3: uniq_azrael
Spider:4: grunt_spider_rune_parallel, nicolae_spider_webs_and_nodes,
          nicolae_crawler_farm
Orc:2:    st_orc_pillars, serial_shops, nicolae_shop_trees
Elf:1:    hangedman_elf_represent, minmay_shoptagon, uniq_nikola, uniq_frances
Elf:2:    serial_shops, shop_fountains
Sewer:    sewer_minmay_treatment

Skill      XL: |  1  2  3  4  5  6  7  8  9 10 11 12 13 14 15 16 17 18 19 20 |
---------------+-------------------------------------------------------------+-----
Spellcasting   | 1 2 3 4 5 7 8 9 10 11 12 13 14 15 | 15.4
Stealth        | 4 5 6 8 9 10 12 13 15 16 17 18 19 | 19.8
Short Blades   | 3 4 5 6 8 9 10 11 | 11.8
Dodging        | 4 5 6 7 8 10 11 12 13 15 16 17 | 17.7
Hexes          | 1 2 3 4 5 7 8 9 11 | 11.2
Fighting       | 4 5 6 7 8 9 10 11 | 11.9
Necromancy     | 4 6 7 8 9 |  9.7
Transmutations | 4 7 13 14 | 14.0
Earth Magic    | 2 5 9 10 | 10.4
Evocations     | 5 7 8 |  8.0

Action                   |  1- 3 |  4- 6 |  7- 9 | 10-12 | 13-15 | 16-18 | 19-21 || total
-------------------------+-------+-------+-------+-------+-------+-------+-------++-------
Melee: Short sword       |   157 |   317 |   577 |   652 |   988 |  1685 |   543 ||  4919
       Dagger            |       |       |       |       |   407 |       |       ||   407
       Kick              |       |       |       |       |   185 |   432 |    57 ||   674
       Headbutt          |       |       |       |       |       |       |    35 ||    35
       Bite              |       |       |       |       |       |       |     1 ||     1
Throw: Throwing net      |     4 |     2 |       |       |       |       |       ||     6
 Cast: Ensorcelled Hiber |       |     3 |    59 |   124 |   381 |   259 |    54 ||   880
       Confuse           |       |     1 |    58 |   102 |   225 |   116 |    29 ||   531
       Tukima's Dance    |       |       |       |       |    63 |    18 |       ||    81
       Statue Form       |       |       |       |       |       |    64 |    21 ||    85
       Death Channel     |       |       |       |       |       |     1 |    17 ||    18
Invok: Call Merchant     |       |       |       |     3 |     3 |     1 |       ||     7
       Potion Petition   |       |       |       |       |       |     1 |       ||     1
       Request Jelly     |       |       |       |       |       |       |     5 ||     5
       Cure Bad Mutation |       |       |       |       |       |       |     2 ||     2
 Abil: End Transformatio |       |       |       |       |       |     7 |     5 ||    12
Evoke: Wand              |       |       |       |     3 |    14 |    12 |     2 ||    31
       Lamp of fire      |       |       |       |       |     1 |       |       ||     1
  Use: Potion            |       |     7 |     1 |     2 |    12 |    21 |     6 ||    49
       Scroll            |       |     1 |    15 |    13 |    15 |    14 |     3 ||    61
 Stab: Sleeping          |     4 |     5 |    36 |    87 |   172 |   174 |    34 ||   512
       Held in net/web   |     4 |     2 |       |       |       |       |       ||     6
       Confused          |       |     1 |    19 |    67 |    96 |    40 |     6 ||   229
       Distracted        |       |       |     2 |     7 |    14 |    13 |     6 ||    42
       Paralysed         |       |       |       |     1 |       |       |       ||     1
       Invisible         |       |       |       |       |    10 |     8 |       ||    18
  Eat: Fruit             |       |     1 |     2 |     4 |    15 |    21 |       ||    43
       Bread ration      |       |     1 |       |       |       |     2 |       ||     3
       Royal jelly       |       |       |     2 |     3 |     5 |     2 |       ||    12
Armor: Robe              |     9 |    47 |    55 |    47 |   109 |    38 |    15 ||   320
       Skin              |       |       |       |       |       |   525 |   181 ||   706
Dodge: Dodged            |   146 |   361 |   470 |   382 |  1173 |  2388 |   921 ||  5841
